 Dungeon Crawl Stone Soup version 0.27.1-4-g1640c2035a (webtiles) character file.

Game seed: 13273031866841204428

1632 porpoise the Thaumaturge (level 8, 0/44 HPs)
             Began as a Deep Elf Conjurer on Nov 10, 2021.
             Slain by an unseen horror (6 damage)
             ... on level 7 of the Dungeon.
             The game lasted 00:20:48 (7308 turns).

porpoise the Thaumaturge (Deep Elf Conjurer)        Turns: 7308, Time: 00:20:48

Health: 0/44       AC:  3    Str:  5    XL:     8   Next: 66%
Magic:  17/22      EV: 12    Int: 25    God:
Gold:   380        SH:  0    Dex: 13    Spells: 13/24 levels left

rFire    . . .     SeeInvis .   b - +1 fustibalus
rCold    . . .     Faith    .   (no shield)
rNeg     . . .     Spirit   .   c - +0 robe
rPois    +         Reflect  .   (no helmet)
rElec    .         Harm     .   (no cloak)
rCorr    .         Rampage  .   (no gloves)
Will     .....                  A - +0 pair of boots
Stlth    ++........             (no amulet)
HPRegen  0.14/turn              d - ring of flight
MPRegen  0.18/turn              e - ring of poison resistance

@: flying
A: no striking features
a: no special abilities


You were on level 7 of the Dungeon.
You visited 1 branch of the dungeon, and saw 7 of its levels.
You also visited: Sewer.

You collected 380 gold pieces.

Inventory:

Hand Weapons
 a - a +0 whip of venom
 b - a +1 fustibalus (weapon)
Missiles
 h - 59 sling bullets (quivered ammo)
 j - 253 stones
 o - 7 javelins
 p - 7 atropa-tipped darts
 s - 29 poisoned darts
 D - 4 boomerangs of dispersal
Armour
 c - a +0 robe (worn)
 m - a +1 buckler
 A - a +0 pair of boots (worn)
Jewellery
 d - a ring of flight (left hand)
 e - a ring of poison resistance (right hand)
 k - a ring of wizardry
 w - an amulet of faith
 z - a +6 ring of strength
Wands
 t - a wand of mindburst (9)
 u - a wand of iceblast (9)
 x - a wand of digging (3)
Scrolls
 n - 3 scrolls of amnesia
 q - a scroll of teleportation
 r - a scroll of enchant weapon
Potions
 f - a potion of heal wounds
 g - 2 potions of flight
 i - a potion of degeneration {unknown}
 l - a potion of curing
 v - a potion of haste {unknown}
 C - a potion of brilliance {unknown}
 E - 2 potions of cancellation {unknown}
Miscellaneous
 y - a tin of tremorstones (2/2)


   Skills:
 + Level 1.8 Fighting
 - Level 2.4 Dodging
 - Level 2.4 Stealth
 + Level 8.5 Spellcasting
 - Level 7.0 Conjurations
 - Level 7.0 Hexes
 - Level 5.0 Translocations


You had 13 spell levels left.
You knew the following spells:

 Your Spells              Type           Power      Damage    Failure   Level
a - Magic Dart            Conj           100%       1d8       1%          1
b - Searing Ray           Conj           90%        3d6       1%          2
c - Fulminant Prism       Conj/Hex       22%        3d13      3%          4
d - Iskenderun's Mystic   Conj/Tloc      40%        2d9       4%          4

Your spell library contained the following spells:

 Spells                   Type           Power      Damage    Failure   Level
 Slow                     Hex            45%        N/A       1%          2
 Confusing Touch          Hex            45%        N/A       1%          3
 Dazzling Flash           Conj/Hex       90%        N/A       1%          3
 Tukima's Dance           Hex            45%        N/A       1%          3
 Passage of Golubria      Tloc           N/A        N/A       8%          4
 Vampiric Draining        Necr           5%         2d6       17%         3
 Yara's Violent Unravell  Hex/Tmut       14%        3d7       36%         5


Dungeon Overview and Level Annotations

Branches:
Dungeon (7/15)              Sewer (visited)
 Temple: D:4-7

Altars:
Dithmenos
Gozag
Hepliaklqana
Qazlal

Shops:
D:6 [


Message History

Found 15 gold pieces and a scroll labelled PIEV BUHURA.
You now have 370 gold pieces (gained 15).
B - a scroll labelled PIEV BUHURA Blink to where?
Press: ? - help, Dir - move target
As you read the scroll labelled PIEV BUHURA, it crumbles to dust.
It was a scroll of blinking.
Found 10 gold pieces.
Found a potion of flight.
You now have 380 gold pieces (gained 10).
Something hits you.
Deactivating autopickup; reactivate with Ctrl-A.
Okay, then.
Unknown command.
Something hits you. Something hits you!
Found a scroll labelled XATZODAIDO.
Something hits you.
Casting: Searing Ray (safe; 1% risk of failure)
Confirm with . or Enter, or press ? or * to list all spells.
Aiming: Searing Ray (safe; 1% risk of failure)
Press: ? - help, Shift-Dir - straight line (Press . to maintain the ray.)
Something hits you.
You clumsily bash something but do no damage.
Something hits you but does no damage. Something hits you!
* * * LOW HITPOINT WARNING * * *
Something hits you.
* * * LOW HITPOINT WARNING * * *
Something barely misses you.
Unknown command.
Unknown command.
Unknown command.
Casting: Searing Ray (safe; 1% risk of failure)
Confirm with . or Enter, or press ? or * to list all spells.
Aiming: Searing Ray (safe; 1% risk of failure)
Press: ? - help, Shift-Dir - straight line The searing ray hits something! (Press . to maintain the ray.)
Something hits you but does no damage. Something hits you.
You die...

............#..#
# ###.###..####
. #.#.....#.##
#.###.###.###.#
..............##
.....!.........#
..###.###.#.#..#
# #.#.#..#
#@###....
............####
...........##
#..........#
##.........#
######....#
#....# ##.?.#


There were no monsters in sight!

Vanquished Creatures
  A hornet zombie (D:5)
  A black bear (D:6)
  3 ice beasts
  An ogre (D:4)
  2 bullfrogs
  5 scorpions
  3 hounds
  2 orc priests (D:6)
  2 jellies (D:4)
  A bullfrog skeleton (D:5)
  2 iguanas
  3 orc wizards
  A hound zombie (D:3)
  4 gnolls (D:3)
  13 adders
  2 river rats (D:3)
  An ufetubus (D:4)
  An adder skeleton (D:4)
  A worm (D:4)
  4 dart slugs
  6 orcs
  11 ball pythons
  6 bats
  5 endoplasms
  9 giant cockroaches
  5 goblins
  6 hobgoblins
  8 jackals
  6 quokkas
  6 frilled lizards
  5 kobolds
  7 rats
133 creatures vanquished.

Vanquished Creatures (others)
  2 fulminant prisms (D:6)
2 creatures vanquished.

Grand Total: 135 creatures vanquished

Notes
Turn   | Place    | Note
-------+----------+-------------------------------------------
     0 | D:1      | porpoise the Deep Elf Conjurer began the quest for the Orb.
     0 | D:1      | Reached XP level 1. HP: 10/10 MP: 6/6
   162 | D:1      | Reached XP level 2. HP: 15/15 MP: 2/8
   215 | D:1      | Learned a level 2 spell: Searing Ray
   550 | D:1      | Reached skill level 4 in Spellcasting
   648 | D:1      | Reached XP level 3. HP: 19/19 MP: 8/10
   669 | D:1      | Reached skill level 5 in Conjurations
  1779 | D:2      | Reached XP level 4. HP: 24/24 MP: 9/12
  1784 | D:2      | Learned a level 4 spell: Fulminant Prism
  1789 | D:2      | Learned a level 4 spell: Iskenderun's Mystic Blast
  2321 | D:3      | Reached skill level 5 in Spellcasting
  2465 | D:3      | Reached XP level 5. HP: 28/28 MP: 3/14
  2561 | D:3      | Found a glowing drain.
  2651 | Sewer    | Entered a sewer
  2858 | Sewer    | Reached skill level 6 in Spellcasting
  2937 | Sewer    | Reached XP level 6. HP: 29/32 MP: 12/17
  3272 | D:3      | Reached skill level 1 in Hexes
  3474 | D:4      | Found a hazy altar of Hepliaklqana.
  4231 | D:4      | Reached skill level 7 in Spellcasting
  4267 | D:4      | Reached skill level 1 in Translocations
  4590 | D:4      | Reached XP level 7. HP: 36/36 MP: 11/19
  4878 | D:5      | Entered Level 5 of the Dungeon
  5186 | D:5      | Found a stormy altar of Qazlal.
  5261 | D:5      | Reached skill level 5 in Hexes
  5689 | D:5      | Found an opulent altar of Gozag.
  6004 | D:6      | Reached XP level 8. HP: 38/41 MP: 14/20
  6041 | D:6      | Found Vaatz's Armour Emporium.
  6212 | D:6      | Reached skill level 5 in Translocations
  6902 | D:6      | Reached skill level 1 in Fighting
  6902 | D:6      | Reached skill level 8 in Spellcasting
  7011 | D:6      | Found a shadowy altar of Dithmenos.
  7308 | D:7      | Slain by an unseen horror

Illustrated notes

Levels and vault maps discovered:
D:1:      sevenhm_arrival_forest_fort_large_2, layout_loops_cross,
          item_on_display_b
D:2:      layout_basic, serial_forest, infiniplex_forest_clump_long,
          infiniplex_forest_lined_room_3, infiniplex_forest_lined_3_way,
          infiniplex_forest_clump_long, infiniplex_forest_fountain,
          infiniplex_forest_lined_ring, infiniplex_forest_join
D:3:      layout_basic, portal_sewer_entry_b
D:4:      layout_layer_cave, mainiacjoe_overflow_cross_hatched
D:5:      layout_basic, mainiacjoe_overflow_paths, lemuel_doored_altar,
          minmay_misc_feat_room
D:6:      layout_basic, mainiacjoe_overflow_alcove_2, serial_shops,
          nicolae_take_the_stairs
D:7:      layout_cave_pods, minmay_temple_entry_wispy,
          minmay_misc_feat_nine_boxes

Skill      XL: |  1  2  3  4  5  6  7  8 |
---------------+-------------------------+-----
Spellcasting   | 4 5 6 7 8 |  8.5
Conjurations   | 5 6 7 |  7.0
Hexes          | 4 6 7 |  7.0
Translocations | 2 4 5 |  5.0
Fighting       | 1 |  1.8
Dodging        | |  2.4
Stealth        | |  2.4

Action                   |  1- 3 |  4- 6 |  7- 9 || total
-------------------------+-------+-------+-------++-------
Melee: Fustibalus        |       |     1 |     1 ||     2
 Fire: Fustibalus        |       |    25 |    18 ||    43
 Cast: Magic Dart        |    55 |    34 |    10 ||    99
       Searing Ray       |    10 |    24 |    22 ||    56
       Fulminant Prism   |       |       |     2 ||     2
Evoke: Wand              |       |       |     1 ||     1
  Use: Scroll            |       |     7 |     6 ||    13
       Potion            |       |     1 |       ||     1
Armor: Robe              |       |     2 |     2 ||     4
Dodge: Dodged            |     2 |    10 |     8 ||    20
